 Dungeon Crawl Stone Soup version 0.24.1-4-ge52af88ad5 (webtiles) character file.

Game seed: 1153398603298644149, levelgen mode: deterministic

99 MajorAdolf the Ruffian (level 4, 0/39 HPs)
             Began as a Naga Wanderer on Apr 13, 2020.
             Killed by nerve-wracking pain
             ... invoked by an orc priest
              (1 damage)
             ... on level 3 of the Dungeon.
             The game lasted 00:06:30 (3899 turns).

MajorAdolf the Ruffian (Naga Wanderer)              Turns: 3899, Time: 00:06:32

Health: 0/39       AC:  3    Str: 17    XL:     4   Next: 72%
Magic:  5/5        EV:  7    Int: 13    God:
Gold:   145        SH:  7    Dex:  8    Spells: 4/5 levels left

rFire    . . .     SeeInvis +     - Unarmed
rCold    . . .     Gourm    .   d - +0 shield
rNeg     . . .     Faith    .   c - +0 robe
rPois    +         Spirit   .   (no helmet)
rElec    .         Reflect  .   k - +0 cloak
rCorr    .         Harm     .   (no gloves)
MR       .....                  (no barding)
Stlth    +.........             (no amulet)
HPRegen  0.13/turn              (no ring)
MPRegen  0.09/turn              (no ring)

@: very slow
A: large, see invisible, deformed body, poison resistance, slowness 2, slow
metabolism 1, spit poison 1, AC +1
a: Spit Poison


You were on level 3 of the Dungeon.
You were hungry.

You visited 1 branch of the dungeon, and saw 3 of its levels.

You collected 145 gold pieces.

Inventory:

Hand Weapons
 e - a +3 dagger of venom
Armour
 c - a +0 robe (worn)
 d - a +0 shield (worn)
 k - a +0 cloak (worn)
Jewellery
 h - an uncursed amulet of harm
Wands
 a - a wand of enslavement (2)
Scrolls
 b - 2 scrolls of fear
 g - a scroll of enchant weapon
 j - a scroll of identify
 m - a scroll of teleportation
Potions
 i - a potion of might
 l - a potion of curing {unknown}
Comestibles
 f - a ration


   Skills:
 - Level 2.0 Fighting
   Level 2.0 Polearms
 - Level 1.0 Dodging
 - Level 1.5 Stealth
 - Level 1.0 Shields
 + Level 4.2 Unarmed Combat
 - Level 1.0 Spellcasting
   Level 1.0 Charms
   Level 1.3 Poison Magic


You had 4 spell levels left.
You knew the following spells:

 Your Spells              Type           Power        Failure   Level  Hunger
a - Confusing Touch       Hex            #.....       83%         1    ##.....

Your spell library contained the following spells:

 Spells                   Type           Power        Failure   Level  Hunger
 Dazzling Spray           Conj/Hex       #.....       99%         3    ####...


Dungeon Overview and Level Annotations

Branches:
Dungeon (3/15)

Altars:
Yredelemnul


Innate Abilities, Weirdness & Mutations

You cannot wear boots.
Your serpentine skin is tough. (AC +1)
You have supernaturally acute eyesight. (SInv)
Armour fits poorly on your strangely shaped body.
Your system is resistant to poisons. (rPois)
You cover ground very slowly.
You have a slow metabolism.
You can spit poison.


Message History

You are too injured to fight recklessly!
Unknown command.
The orc priest barely misses you.
You see here an orc corpse.
Press: ? - help, Shift-Dir - straight line, f - orc
Aim: an orc, wielding a +0 flail and wearing a +0 leather armour The splash of poison hits the orc.
The orc is poisoned.
The orc is heavily wounded.
You are feeling hungry.
You block the orc's attack.
The orc priest casts a cantrip, but nothing happens.
You kill the orc!
The orc priest miscasts a cantrip.
You have got your breath back.
The orc priest mumbles some strange prayers to Beogh against you.
Beogh smites you!
* * * LOW HITPOINT WARNING * * *
The orc priest mumbles some strange prayers to Beogh against you.
Pain shoots through your body!
You die...

#.. ..#<# #.# #.#.# #.#
#####.#.# ##+##.# #.......#
##...#.# #.###.###
##...<..# #.###.# #
#.......###.##..# .##.#
..........>.....#####...[..
.........(.((...@.†)o......
.........##.....####..##...
#.......###>.#.## ..#
##.....## #...... ..#
##...## ##.###.# ... ##+#
#.# .# .### #.. . .# ### #
##


You could see an orc priest.

Vanquished Creatures
  3 adders (D:2)
  A worm (D:2)
  A dart slug (D:2)
  2 leopard geckos
  3 orcs (D:3)
  3 giant cockroaches (D:1)
  12 goblins
  4 hobgoblins
  5 jackals (D:1)
  9 kobolds
  6 bats
  2 frilled lizards (D:1)
  8 rats
59 creatures vanquished.

Vanquished Creatures (collateral kills)
  A kobold (D:3)
1 creature vanquished.

Vanquished Creatures (others)
  An ice beast (D:3)
1 creature vanquished.

Grand Total: 61 creatures vanquished

Notes
Turn   | Place    | Note
-------+----------+-------------------------------------------
     0 | D:1      | MajorAdolf the Naga Wanderer began the quest for the Orb.
     0 | D:1      | MajorAdolf set off with the following items: a +0 club, a
                  | +0 robe, a +0 shield, a ration; and the following spell
                  | memorised: Confusing Touch; and the following spells
                  | available to memorise: Dazzling Spray
     0 | D:1      | Reached XP level 1. HP: 19/19 MP: 2/2
   200 | D:1      | Reached skill level 1 in Unarmed Combat
   526 | D:1      | Reached XP level 2. HP: 26/26 MP: 3/3
   650 | D:1      | Reached skill level 2 in Unarmed Combat
  1197 | D:1      | Reached XP level 3. HP: 14/32 MP: 4/4
  1778 | D:2      | Reached skill level 3 in Unarmed Combat
  2311 | D:2      | Reached XP level 4. HP: 15/39 MP: 5/5
  2597 | D:2      | Noticed an ice beast
  3758 | D:2      | Found a basalt altar of Yredelemnul.
  3835 | D:2      | Reached skill level 4 in Unarmed Combat
  3882 | D:3      | Noticed an orc priest
  3899 | D:3      | HP: 1/39 [orc priest/divine providence (10)]
  3899 | D:3      | Killed from afar by an orc priest

Levels and vault maps discovered:
D:1:      lightli_arrival_flooded_house, layout_basic
D:2:      layout_rooms, overflow_temple_1_default
D:3:      layout_loops_corners, first_ration

Skill      XL: |  1  2  3  4 |
---------------+-------------+-----
Unarmed Combat | 1 2 3 4 |  4.2
Fighting       | |  2.0
Polearms       | |  2.0
Dodging        | |  1.0
Stealth        | |  1.5
Shields        | |  1.0
Spellcasting   | |  1.0
Charms         | |  1.0
Poison Magic   | |  1.3

Action                   |  1- 3 |  4- 6 || total
-------------------------+-------+-------++-------
Melee: Unarmed           |   163 |    77 ||   240
 Abil: Spit Poison       |    18 |    17 ||    35
Evoke: Wand              |       |     4 ||     4
  Use: Scroll            |     4 |       ||     4
 Stab: Sleeping          |     1 |       ||     1
  Eat: Chunk             |     3 |     5 ||     8
Armor: Robe              |    33 |    27 ||    60
Dodge: Dodged            |    47 |    29 ||    76
Block: Shield            |    78 |    27 ||   105
